 Seeded DCSS version 0.29-a0-1065-g47a6bb87d6 (webtiles) character file.

Game seed: 1 (custom seed)

53 Kazon the Covered (level 3, -4/31 HPs)
             Began as a Demigod Fighter on Aug 18, 2022.
             Slain by a gnoll
             ... wielding a +0 halberd
              (9 damage)
             ... on level 2 of the Dungeon.
             The game lasted 00:04:09 (927 turns).

Kazon the Covered (Demigod Fighter)                  Turns: 927, Time: 00:04:09

Health: -4/31      AC:  6    Str: 21    XL:     3   Next: 41%
Magic:  5/5        EV:  9    Int: 13    God:
Gold:   134        SH:  4    Dex: 13    Spells: 2/2 levels left

rFire   . . .      SeeInvis +   a - +0 long sword
rCold   . . .      Faith    .   c - +0 buckler
rNeg    + . .      Spirit   .   b - +0 scale mail
rPois   .          Reflect  .   (no helmet)
rElec   .          Harm     .   (no cloak)
rCorr   .          Rampage  .   (no gloves)
Will    .....                   (no boots)
Stlth   ..........              f - amulet of the acrobat
HPRegen 0.10/turn               e - ring of Eternal Harmony {rN+ Int+3 SInv}
MPRegen 0.09/turn               (no ring)

@: no status effects
A: high MP 1, forlorn, divine attributes
a: no special abilities


You were on level 2 of the Dungeon.
You visited 1 branch of the dungeon, and saw 2 of its levels.

You collected 134 gold pieces.

Inventory:

Hand Weapons
 a - a +0 long sword (weapon)
Missiles
 k - 3 stones (quivered)
Armour
 b - a +0 scale mail (worn)
 c - a +0 buckler (worn)
Jewellery
 e - the ring of Eternal Harmony (left hand) {rN+ Int+3 SInv}
   (You acquired it on level 1 of the Dungeon)

   [ring of positive energy]

   Int:       It affects your intelligence (+3).
   rN:        It protects you from negative energy.
   SInv:      It lets you see invisible.
 f - an amulet of the acrobat (around neck)
Scrolls
 j - 2 scrolls of identify {unknown}
Potions
 d - a potion of might
 g - a potion of haste {unknown}
 h - a potion of flight {unknown}
 i - a potion of attraction {unknown}


   Skills:
 + Level 3.1 Fighting
 + Level 2.3 Long Blades
 + Level 3.3 Armour
 + Level 0.3 Dodging
 + Level 2.9 Shields


You had 2 spell levels left.
You didn't know any spells.
Your spell library was empty.

Dungeon Overview and Level Annotations

Branches:
Dungeon (2/15)


Innate Abilities, Weirdness & Mutations

You have an increased reservoir of magic. (+10% MP)
You shall have no god before yourself.
Your divine heritage dramatically boosts your attributes as you level up.


Message History

You hit the gnoll.
You kill the gnoll!
The endoplasm barely misses you.
You slash the endoplasm!
You kill the endoplasm!
The gnoll barely misses you. The gnoll hits you with a +0 halberd.
You see here a +0 whip.
You hit the gnoll.
The gnoll is lightly wounded.
You block the gnoll's attack.
You barely miss the gnoll.
The gnoll is lightly wounded.
The gnoll completely misses you. The gnoll closely misses you.
You closely miss the gnoll.
The gnoll is lightly wounded.
The gnoll hits you with a +0 halberd!
You hit the gnoll.
The gnoll is moderately wounded.
You block the gnoll's attack.
You hit the gnoll but do no damage.
The gnoll is moderately wounded.
The gnoll hits you with a +0 halberd. The gnoll hits you but does no damage.
You closely miss the gnoll.
The gnoll is moderately wounded.
You block the gnoll's attack.
You hit the gnoll.
The gnoll is heavily wounded.
The gnoll hits you with a +0 halberd!
* * * LOW HITPOINT WARNING * * *
You barely miss the gnoll.
The gnoll is heavily wounded.
The gnoll barely misses you. The gnoll closely misses you.
You hit the gnoll.
The gnoll is severely wounded.
The gnoll barely misses you.
You closely miss the gnoll.
The gnoll is severely wounded.
The gnoll hits you with a +0 halberd!
You die...

#.##.# #..g..
..#.# #.#.# #
######.#.#.#.#
#............#
#g##g..(...##
#g##.g####.#
#@##..# #)##..#
#.##..####.#
####....†.....#
....>##..######
#....##..#
.........#
######.## #.#


You could see a gnoll and a goblin.

Vanquished Creatures
  2 gnolls (D:2)
  An adder (D:2)
  5 endoplasms
  A giant cockroach (D:1)
  4 goblins (D:1)
  2 hobgoblins (D:1)
  2 kobolds
  A quokka (D:1)
  A ball python (D:2)
  A bat (D:1)
  3 rats (D:1)
23 creatures vanquished.

Notes
Turn   | Place    | Note
-------+----------+-------------------------------------------
     0 | D:1      | Kazon the Demigod Fighter began the quest for the Orb.
     0 | D:1      | Reached XP level 1. HP: 18/18 MP: 3/3
    93 | D:1      | Identified a scroll of acquirement
    93 | D:1      | Acquired the ring of Eternal Harmony {rN+ Int+3 SInv}
   315 | D:1      | Reached XP level 2. HP: 25/25 MP: 4/4
   823 | D:2      | Reached XP level 3. HP: 23/31 MP: 5/5
   927 | D:2      | Slain by a gnoll

Illustrated notes

Levels and vault maps discovered:
D:1:      dpeg_arrival_three_smaller_balls, layout_basic
D:2:      layout_loops_ring

Skill      XL: |  1  2 |
---------------+-------+-----
Armour         | 3 |  3.3
Fighting       | 3 |  3.1
Long Blades    | 2 |  2.3
Dodging        | |  0.3
Shields        | |  2.9

Action                   || total
-------------------------++-------
Melee: Long sword        ||    76
Throw: Stone             ||     2
  Use: Scroll            ||     1
Armor: Scale mail        ||    33
Dodge: Dodged            ||    38
Block: Buckler           ||    21

Table legend: (Time is in decaauts)
 A = Elapsed time spent in this place.
 B = Non-inter-level travel time spent in this place.
 C = Inter-level travel time spent in this place.
 D = Time resting spent in this place.
 E = Time spent auto-exploring this place.
 F = Levels seen in this place.
 G = Mean time per level.
                   A        B        C        D        E       F      G
               +--------+--------+--------+--------+--------+-----+--------+
         Total |    953 |    942 |     11 |     69 |    387 |   2 |  476.5 |
       Dungeon |    953 |    942 |     11 |     69 |    387 |   2 |  476.5 |
               +--------+--------+--------+--------+--------+-----+--------+

Top non-repeatable levels by time:
     D:1: 783 daAuts
     D:2: 169 daAuts
